 Dungeon Crawl Stone Soup version 0.29-a0-1052-g6990b1bffc (webtiles) character file.

Game seed: 3645368079854506089

6230 SirStoves the Thaumaturge (level 11, -20/65 HPs)
             Began as a Djinni Fire Elementalist on Aug 17, 2022.
             Demolished by Erolcha
             ... wielding a +0 giant club
              (25 damage)
             ... on level 2 of the Orcish Mines.
             The game lasted 00:38:19 (10240 turns).

SirStoves the Thaumaturge (DjFE)                   Turns: 10240, Time: 00:38:20

Health: -20/65     AC:  7    Str: 13    XL:     11   Next: 14%
Gold:   575        EV: 16    Int: 22    God:
                   SH: 12    Dex: 13

rFire   + + +      SeeInvis .   (no weapon)
rCold   x . .      Faith    .   d - +2 buckler
rNeg    . . .      Spirit   .   k - +0 troll leather armour
rPois   ∞          Reflect  +   (no helmet)
rElec   .          Harm     .   C - +1 cloak of Starlight {*Dazzle EV+4 Stlth--}
rCorr   .          Rampage  .   l - +0 pair of gloves
Will    +....                   (boots unavailable)
Stlth   ..........              E - amulet of reflection
HPRegen 1.00/turn               j - ring of protection from fire
MPRegen 0.00/turn               v - +6 ring of strength

@: about to teleport, flying
A: sickness immunity, fire resistance 2, cold vulnerability 1, float, innate
caster, HP casting, extra vitality 1
a: no special abilities


You were on level 2 of the Orcish Mines.
You visited 2 branches of the dungeon, and saw 11 of its levels.
You also visited: Sewer.

You collected 605 gold pieces.
You spent 30 gold pieces at shops.

Inventory:

Missiles
 B - 2 throwing nets
Armour
 a - a +0 robe
 d - a +2 buckler (worn)
 k - a +0 troll leather armour (worn)
 l - a +0 pair of gloves (worn)
 C - the +1 cloak of Starlight (worn) {*Dazzle EV+4 Stlth--}
   (You acquired it on level 8 of the Dungeon)

   It may blind those who miss an attack against the wearer in melee combat.
   EV:        It affects your evasion (+4).
   Stlth:     It makes you much less stealthy.
 D - a +0 cloak
 K - +0 steam dragon scales
Jewellery
 j - a ring of protection from fire (left hand)
 n - a ring of magical power
 v - a +6 ring of strength (right hand)
 E - an amulet of reflection (around neck)
Wands
 g - a wand of polymorph (5)
 w - a wand of roots (7)
 H - a wand of paralysis (5)
 M - a wand of flame (8)
Scrolls
 b - a scroll of teleportation
 e - a scroll of poison
 m - a scroll of immolation
 p - a scroll of silence {unknown}
 q - a scroll of magic mapping {unknown}
 r - 3 scrolls of fog
 t - a scroll of fear
 u - 2 scrolls of torment {unknown}
 x - a scroll of noise {unknown}
 y - a scroll of enchant armour {unknown}
 A - a scroll of summoning {unknown}
 G - 3 scrolls of amnesia
 L - a scroll of blinking
Potions
 c - 3 potions of degeneration
 h - 2 potions of brilliance
 i - 3 potions of flight
 o - a potion of berserk rage {unknown}
 s - a potion of cancellation {unknown}
 z - a potion of haste {unknown}
 F - 2 potions of lignification {unknown}
 I - a potion of mutation {unknown}
 J - a potion of magic {unknown}


   Skills:
 + Level 4.7 Dodging
 - Level 1.8 Stealth
 + Level 3.4 Shields
 * Level 12.0 Spellcasting


You had 7 spell levels left.
You knew the following spells:

 Your Spells              Type           Power      Damage    Failure   Level
a - Foxfire               Conj/Fire      100%       2x1d9     1%          1
b - Scorch                Fire           100%       2d10      1%          2
c - Conjure Flame         Conj/Fire      60%        6-21      1%          3
d - Inner Flame           Hex/Fire       60%        N/A       1%          3
e - Flame Wave            Conj/Fire      60%        2d14      1%          4
f - Beastly Appendage     Tmut           100%       N/A       1%          1
g - Poisonous Vapours     Pois/Air       100%       N/A       1%          2
h - Ignite Poison         Fire/Tmut/Pois 60%        N/A       1%          3
i - Spider Form           Tmut/Pois      60%        N/A       1%          3
j - Alistair's Intoxicat  Tmut/Pois      40%        N/A       1%          5
Your spell library was empty.

Dungeon Overview and Level Annotations

Branches:
Dungeon (9/15)                Orc (2/2) D:9           Sewer (visited)
 Temple: D:4-7         Lair: D:8-11         Elf: Orc:2

Altars:
Gozag
Okawaru
Trog

Shops:
D:3 **   D:5 *   D:6 *   Orc:1 :

Annotations:
D:7 Joseph, Maggie
D:8 Amaemon
Orc:2 Erolcha


Innate Abilities, Weirdness & Mutations

You are immune to sickness and miasma.
You are immune to poison.
Your flesh is very heat resistant. (rF++)
You are vulnerable to cold. (rC-)
You float through the air rather than walking.
You learn spells naturally, not from books.
Your magical power is your life essence.
You have superior vitality. (+4 MHP)


Message History

Press: ? - help, Q - select action, (/) - cycle Dir - look around, f - activate You conjure some foxfire!
The foxfire hits Erolcha but does no damage.
Erolcha is lightly wounded.
Erolcha casts a spell at you.
The fireball explodes!
The fireball engulfs you. You resist. The fireball engulfs your foxfire.
Your foxfire completely resists.
The fireball engulfs your foxfire.
Your foxfire completely resists.
You hear two shouts!
Casting: Foxfire (safe; 1% risk of failure)
Press: ? - help, Q - select action, (/) - cycle Dir - look around, f - activate You conjure some foxfire!
The foxfire hits Erolcha!
Erolcha is lightly wounded.
The foxfire hits Erolcha!
Erolcha is moderately wounded.
The foxfire hits Erolcha but does no damage.
Erolcha is moderately wounded.
Erolcha zaps a wand.
The bolt of light hits you. The bolt of light hits your foxfire!!
Your foxfire is blinded.
Casting: Foxfire (safe; 1% risk of failure)
Press: ? - help, Q - select action, (/) - cycle Dir - look around, f - activate You conjure some foxfire!
The foxfire hits Erolcha but does no damage.
Erolcha is moderately wounded.
Erolcha mumbles some strange words.
Erolcha flickers and vanishes!
Deactivating autopickup; reactivate with Ctrl-A.
Found 28 gold pieces.
The foxfire hits something. x2
Something hits you!!
Your foxfire is no longer blind.
The foxfire hits something.
As you read the scroll of teleportation, it crumbles to dust.
You feel strangely unstable. Something hits you!!
* * * LOW HITPOINT WARNING * * *
Something hits you!!
You die...

..............#
...............#
..............##
...............#
..............##
...............#
..........))...#
...............#
.......@..)...##
........[[<[...#
..........[)...#
.$.............#
...............#
...............#
............#.##
...............
$..#.....$.##


There were no monsters in sight!

Vanquished Creatures
  An orc high priest (Orc:1)
  Pikel (D:5)
  An orange demon (D:8)
  A hornet (D:8)
  2 trolls
  6 yaks (D:9)
  A steam dragon (D:7)
  A warg (Orc:1)
  A water moccasin (D:6)
  3 orc warriors (Orc:1)
  5 ice beasts
  4 centaurs
  An ogre (D:6)
  A phantom (D:5)
  2 kobold brigands
  Blork the orc (D:6)
  3 bullfrogs
  4 necrophages
  2 scorpions
  3 wights (D:7)
  3 howler monkeys
  2 hounds
  3 orc priests
  2 jellies
  3 iguanas
  Natasha (thrice) (D:2)
  4 orc wizards
  Terence (D:2)
  5 gnolls
  15 adders
  4 river rats
  2 shadow imps (D:5)
  A white imp (D:7)
  4 worms
  A dart slug (D:3)
  21 orcs
  10 ball pythons
  4 bats (D:2)
  9 endoplasms
  9 goblins
  6 hobgoblins
  18 jackals
  A quokka (D:1)
  6 frilled lizards
  20 kobolds
  2 rats (Sewer)
203 creatures vanquished.

Vanquished Creatures (collateral kills)
  6 foxfires (Sewer)
6 creatures vanquished.

Vanquished Creatures (others)
  An orc (Orc:2)
  661 foxfires
  15 plants (Sewer)
677 creatures vanquished.

Grand Total: 886 creatures vanquished

Notes
Turn   | Place    | Note
-------+----------+-------------------------------------------
     0 | D:1      | SirStoves the Djinni Fire Elementalist began the quest for
                  | the Orb.
     0 | D:1      | SirStoves set off with the following spells memorised:
                  | Foxfire, Scorch, Conjure Flame, Inner Flame, Flame Wave.
     0 | D:1      | Reached XP level 1. HP: 15/15 MP: 0/0
   509 | D:1      | Reached XP level 2. HP: 17/21 MP: 0/0
  1108 | D:2      | Reached XP level 3. HP: 24/25 MP: 0/0
  1108 | D:2      | Learned a level 1 spell: Beastly Appendage
  1128 | D:2      | Reached skill level 3 in Spellcasting
  1220 | D:2      | Noticed Terence
  1652 | D:2      | Killed Terence
  1653 | D:2      | Reached XP level 4. HP: 9/31 MP: 0/0
  1948 | D:2      | Identified the +7 sling of the Realm of Zot {flame, rElec
                  | rN+}
  2017 | D:2      | Noticed Natasha
  2026 | D:2      | Killed Natasha
  2259 | D:2      | Noticed Natasha
  2267 | D:2      | Killed Natasha
  2268 | D:2      | Reached skill level 4 in Spellcasting
  2268 | D:2      | Reached XP level 5. HP: 30/35 MP: 0/0
  2268 | D:2      | Learned a level 2 spell: Poisonous Vapours
  2650 | D:2      | Noticed Natasha
  2680 | D:2      | Killed Natasha
  3291 | D:3      | Reached XP level 6. HP: 39/40 MP: 0/0
  3296 | D:3      | Found Kaliefi's Assorted Antiques.
  3372 | D:3      | Found a bloodstained altar of Trog.
  3372 | D:3      | Found an iron altar of Okawaru.
  3502 | D:3      | Found a faded altar of an unknown god.
  3906 | D:3      | Reached skill level 5 in Spellcasting
  4188 | D:3      | Found Gozag's Platinum Reserve.
  4191 | D:3      | Found an opulent altar of Gozag.
  5142 | D:4      | Reached XP level 7. HP: 40/45 MP: 0/0
  5142 | D:4      | Learned a level 3 spell: Ignite Poison
  5355 | D:4      | Reached skill level 6 in Spellcasting
  5655 | D:5      | Entered Level 5 of the Dungeon
  5882 | D:5      | Noticed Pikel
  5895 | D:5      | Killed Pikel
  5896 | D:5      | Reached skill level 7 in Spellcasting
  5896 | D:5      | Reached XP level 8. HP: 36/50 MP: 0/0
  6067 | D:5      | Reached skill level 8 in Spellcasting
  6174 | D:5      | Found a glowing drain.
  6196 | Sewer    | Entered a sewer
  6327 | Sewer    | Reached XP level 9. HP: 54/55 MP: 0/0
  6327 | Sewer    | Learned a level 3 spell: Spider Form
  6947 | D:5      | Found Focuic's General Store.
  6956 | D:5      | Bought a scroll of identify for 30 gold pieces
  7139 | D:5      | Reached skill level 9 in Spellcasting
  8190 | D:6      | Noticed a kobold demonologist
  8277 | D:6      | Reached skill level 10 in Spellcasting
  8645 | D:6      | Noticed Blork the orc
  8650 | D:6      | Killed Blork the orc
  8891 | D:6      | Found Gsuskiq's Goods Gallery.
  8901 | D:6      | Noticed a troll
  8929 | D:6      | Killed a troll
  8930 | D:6      | Reached XP level 10. HP: 57/60 MP: 0/0
  9333 | D:7      | Reached skill level 11 in Spellcasting
  9424 | D:7      | Noticed Joseph
  9467 | D:7      | Noticed Maggie
  9691 | D:8      | Identified a scroll of acquirement
  9691 | D:8      | Acquired the +1 cloak of Starlight {*Dazzle EV+4 Stlth--}
  9691 | D:8      | Found the +1 cloak of Starlight {*Dazzle EV+4 Stlth--}
  9918 | D:8      | Noticed an orange demon
  9920 | D:8      | Noticed Amaemon
  9922 | D:8      | Killed an orange demon
  9934 | D:9      | Found a staircase to the Orcish Mines.
  9940 | D:9      | Reached skill level 1 in Shields
  9989 | Orc:1    | Entered Level 1 of the Orcish Mines
  9989 | Orc:1    | Noticed an orc high priest
  9992 | Orc:1    | Noticed an ice devil
 10001 | Orc:1    | Noticed a sun demon
 10004 | Orc:1    | Noticed an orange demon
 10004 | Orc:1    | Killed an orc high priest
 10005 | Orc:1    | Reached XP level 11. HP: 43/65 MP: 0/0
 10005 | Orc:1    | Learned a level 5 spell: Alistair's Intoxication
 10055 | Orc:1    | Found Ginkad's Book Emporium.
 10125 | Orc:2    | Entered Level 2 of the Orcish Mines
 10125 | Orc:2    | Noticed Erolcha
 10229 | Orc:2    | Reached skill level 12 in Spellcasting
 10240 | Orc:2    | Demolished by Erolcha

Illustrated notes

Levels and vault maps discovered:
D:1:      dpeg_arrival_shelter, layout_basic, hangedman_decor_push,
          chequers_serial_rivers_small_3
D:2:      layout_loops_cross, minmay_randomly_rotated_circles, uniq_terence,
          uniq_natasha
D:3:      layout_basic, grunt_temple_overflow_bloody_war,
          nicolae_gozag_zags_fifth_avenue, serial_shops,
          nicolae_shop_overgrown_old_shop, shapermc_ecumenical_altar_ellora
D:4:      layout_cave_pods
D:5:      layout_rooms, serial_shops, nicolae_lakefront_shop,
          portal_sewer_entry_a, kennysheep_decorative_pillar, uniq_pikel
D:6:      layout_basic, nicolae_alphabet_shops, lightli_corner_chamber,
          uniq_blork_the_orc
D:7:      layout_loops_ring, minmay_temple_entry_wispy, uniq_joseph, uniq_maggie
D:8:      layout_loops_corners, chequers_serial_rivers_micro_d, uniq_amaemon
D:9:      layout_loops_cross, mainiacjoe_overflow_paths,
          fedhas_altar_fruit_tree, mainiacjoe_overflow_alcove_1, orc_0_dummy,
          uniq_psyche
Orc:1:    layout_caves, serial_shops, nicolae_shop_window_shopping,
          minmay_orc_temple_b
Orc:2:    st_orc_elflike, layout_caves, uniq_erolcha

Skill      XL: |  1  2  3  4  5  6  7  8  9 10 11 |
---------------+----------------------------------+-----
Spellcasting   | 3 4 5 7 8 10 11 12 | 12.0
Dodging        | 4 |  4.7
Shields        | 3 |  3.4
Stealth        | |  1.8

Action                   |  1- 3 |  4- 6 |  7- 9 | 10-12 || total
-------------------------+-------+-------+-------+-------++-------
Melee: Unarmed           |     8 |     6 |    57 |       ||    71
 Cast: Foxfire           |    53 |   157 |   171 |    55 ||   436
       Scorch            |     2 |     5 |     4 |       ||    11
       Conjure Flame     |       |     1 |     2 |       ||     3
       Flame Wave        |       |       |     9 |    25 ||    34
       Poisonous Vapours |       |       |       |     4 ||     4
       Inner Flame       |       |       |       |     2 ||     2
       Alistair's Intoxi |       |       |       |     1 ||     1
  Use: Scroll            |     1 |     2 |     8 |     8 ||    19
       Potion            |       |     1 |       |     2 ||     3
 Stab: Sleeping          |     1 |       |       |       ||     1
Armor: Robe              |     4 |    11 |     9 |       ||    24
       Troll leather arm |       |       |       |     6 ||     6
Dodge: Dodged            |    23 |    26 |    25 |    35 ||   109
Block: Buckler           |    12 |    12 |    11 |    29 ||    64
       Reflection        |       |       |       |     1 ||     1

Table legend: (Time is in decaauts)
 A = Elapsed time spent in this place.
 B = Non-inter-level travel time spent in this place.
 C = Inter-level travel time spent in this place.
 D = Time resting spent in this place.
 E = Time spent auto-exploring this place.
 F = Levels seen in this place.
 G = Mean time per level.
                   A        B        C        D        E       F      G
               +--------+--------+--------+--------+--------+-----+--------+
         Total |  10257 |   9774 |    483 |    783 |   7039 |  12 |  854.8 |
       Dungeon |   9380 |   8946 |    434 |    747 |   6652 |   9 | 1042.2 |
  Orcish Mines |    252 |    203 |     49 |     36 |     70 |   2 |  126.0 |
         Sewer |    625 |    625 |      0 |      0 |    317 |   1 |  625.0 |
               +--------+--------+--------+--------+--------+-----+--------+

Top non-repeatable levels by time:
     D:6: 1908 daAuts
     D:2: 1774 daAuts
     D:4: 1307 daAuts
     D:1: 1299 daAuts
     D:3: 1289 daAuts
     D:5: 990 daAuts
   Sewer: 625 daAuts
     D:8: 453 daAuts
     D:7: 301 daAuts
   Orc:1: 222 daAuts
     D:9: 54 daAuts
   Orc:2: 29 daAuts
